Map: Ruins of Seras

Players

Javert

  • Race: Zerg Zerg
  • League: Grandmaster

SLight - Winner!

  • Race: Terran Terran
  • League: Grandmaster

VOD

Have the link to the VOD?

Description

Time

  • Played on: June 13, 2015, 9:32 p.m.
  • Length: 10:10
Show
View Real Time Build Order
Export as new Build Order

Javert Zerg 

Build Orders: Hatch First 

Get SALT Encoding   

  12  0:01  Drone  
  13  0:13  Overlord  
  13  0:18  Drone  
  14  0:32  Drone x2  
  16  0:50  Hatchery  
  16  0:54  Drone  
  16  0:57  Extractor  
  16  1:01  Drone  
  16  1:15  Spawning Pool  
  16  1:18  Drone  
  16  1:20  Drone  
  17  1:31  Drone x2  
  19  1:40  Overlord  
  19  1:52  Drone  
  20  2:02  Metabolic Boost  
  20  2:03  Queen  
  20  2:08  Queen  
  24  2:16  Zergling x4  
  24  2:18  Zergling x2  
  24  2:21  Zergling x2  
  28  2:29  Drone x2  
  30  2:46  Overlord  
  30  2:50  Drone x3  
  33  2:59  Overlord  
  31  3:14  Drone x6  
  36  3:21  Drone x2  
  36  3:22  Drone x3  
  40  3:32  Zergling x6  
  43  3:46  Drone x2  
  45  3:57  Drone x2  
  45  4:01  Hatchery  
  46  4:04  Overlord, Extractor  
  46  4:05  Overlord  
  45  4:11  Zergling x2  
  45  4:12  Zergling x10  
  51  4:23  Extractor x2  
  49  4:26  Roach Warren  
  48  4:31  Drone  
  48  4:32  Drone x4  
  53  4:39  Overlord  
  53  4:40  Queen x2  
  53  4:43  Drone x2  
  53  4:44  Drone x5  
  64  4:52  Drone  
  61  5:01  Evolution Chamber  
  61  5:02  Evolution Chamber  
  61  5:05  Drone x2  
  61  5:17  Lair  
  61  5:27  Zerg Missile Weapons Level 1, Zerg Ground Armor Level 1  
  61  5:30  Drone x10  
  71  5:36  Burrow  
  71  5:52  Drone x9  
  79  6:10  Drone x3  
  82  6:12  Overlord x3  
  82  6:24  Overlord x2  
  82  6:26  Extractor  
  82  6:27  Extractor  
  82  6:29  Roach  
  82  6:32  Roach  
  92  6:33  Roach x11  
  106  6:41  Spire  
  106  6:46  Spore Crawler  
  104  6:51  Roach x2  
  104  6:52  Roach x7  
  122  6:59  Overlord x2  
  122  7:04  Glial Reconstitution  
  122  7:07  Ravager x3  
  121  7:13  Overlord  
  121  7:22  Drone  
  122  7:23  Drone x8  
  122  7:26  Ravager x2  
  122  7:27  Ravager x3  
  135  7:32  Overlord x2  
  88  7:52  Zerg Ground Armor Level 2, Zerg Missile Weapons Level 2  
  88  7:56  Roach x6  
  102  8:12  Roach  
  102  8:13  Roach x10  
  102  8:14  Hatchery  
  102  8:16  Hatchery  
  120  8:35  Roach  
  120  8:36  Roach x10  
  120  8:38  Tunneling Claws  
  142  8:47  Hatchery  
  141  8:53  Hydralisk Den  
  140  9:01  Ravager x3  
  143  9:02  Overlord  
  143  9:03  Overlord  
  143  9:06  Queen x2  
  147  9:21  Corruptor  
  147  9:22  Corruptor x2  
  147  9:23  Corruptor  
  155  9:40  Drone x7  
  155  9:41  Drone x14  
  155  9:43  Extractor  
  155  9:45  Extractor  
  174  9:47  Roach x12  
Show
View Real Time Build Order
Export as new Build Order

SLight Terran - Winner!

Build Orders: Mech 

Get SALT Encoding   

  12  0:01  SCV  
  13  0:13  SCV  
  14  0:24  Supply Depot  
  14  0:28  SCV  
  15  0:46  SCV  
  16  0:52  Barracks  
  16  0:58  SCV  
  17  1:10  SCV  
  18  1:21  Command Center  
  18  1:22  SCV  
  19  1:34  SCV  
  19  1:36  Refinery x2  
  19  1:39  Marine  
  21  1:46  Orbital Command  
  21  2:00  Marine  
  22  2:07  Supply Depot  
  22  2:13  SCV  
  23  2:29  SCV  
  24  2:30  Marine  
  24  2:32  Supply Depot  
  24  2:36  Factory  
  25  2:38  Orbital Command  
  25  2:46  Bunker  
  25  2:47  SCV  
  26  2:59  SCV, Marine  
  26  3:05  Factory  
  27  3:29  SCV, Bunker  
  27  3:30  SCV  
  27  3:31  Marine  
  27  3:32  Factory Tech Lab  
  30  3:41  SCV  
  31  3:42  SCV  
  32  3:48  Factory Tech Lab  
  32  3:49  Factory  
  32  3:50  Marine  
  32  3:53  SCV  
  34  3:56  Bunker  
  34  3:59  SCV  
  34  4:05  SCV, Siege Tank  
  34  4:08  Supply Depot  
  38  4:11  SCV  
  39  4:17  Supply Depot  
  39  4:18  SCV  
  39  4:23  SCV, Marine  
  42  4:25  Siege Tank  
  45  4:33  SCV  
  45  4:35  SCV  
  47  4:43  Refinery  
  47  4:44  Refinery  
  47  4:46  SCV  
  47  4:47  SCV, Factory Reactor  
  47  4:50  Starport  
  49  4:58  SCV  
  51  5:00  SCV  
  51  5:05  Siege Tank  
  53  5:11  SCV  
  53  5:12  SCV, Siege Tank  
  58  5:19  Command Center  
  58  5:23  SCV  
  58  5:24  SCV, Marine  
  61  5:35  SCV  
  62  5:36  SCV  
  62  5:40  Engineering Bay  
  62  5:42  Factory Tech Lab  
  63  5:43  Siege Tank  
  63  5:44  Marine  
  63  5:48  Viking  
  69  6:01  SCV  
  69  6:02  Bunker  
  70  6:13  Supply Depot  
  70  6:30  SCV x2, Siege Tank x2, Marine  
  70  6:32  Orbital Command  
  79  6:35  Supply Depot  
  79  6:36  Supply Depot  
  79  6:39  Armory  
  79  6:42  Armory  
  79  6:43  SCV  
  80  6:48  Marine  
  81  7:06  Marine  
  81  7:14  Liberator  
  81  7:15  Liberator  
  85  7:38  Starport  
  85  7:39  Terran Ship Weapons Level 1  
  85  7:40  Terran Ship Armor Level 1  
  85  7:44  Supply Depot  
  85  7:47  Supply Depot  
  85  7:48  Factory Reactor  
  82  8:02  Engineering Bay, Liberator  
  82  8:03  SCV x2, Engineering Bay  
  82  8:04  Liberator  
  84  8:05  Orbital Command  
  84  8:14  Command Center  
  84  8:15  SCV x2, Barracks Tech Lab  
  90  8:30  Refinery  
  90  8:34  Refinery  
  90  8:35  SCV x3  
  93  8:47  SCV x3  
  96  8:51  Marine  
  96  8:52  Siege Tank x2, Widow Mine  
  96  8:55  Widow Mine, Liberator  
  107  9:06  Supply Depot  
  109  9:17  Banshee  
  109  9:21  Widow Mine  
  114  9:30  SCV x2  
  114  9:31  SCV, Orbital Command  
  117  9:42  SCV, Unknown  
  118  9:51  Missile Turret x2  
  118  9:54  Missile Turret  
Tags
 
Add a new tag
Caveats
  • Supply blocks, unpowered buildings, or Contaminate may cause inaccurate times.
  • Supply counts are checked every 10 seconds.